 Dungeon Crawl Stone Soup version 0.24.0-2-g5b39cebb1c (console) character file.

Game seed: 2952734911388443668, levelgen mode: deterministic

122 AlterAsc the Gusty (level 5, -5/28 HPs)
             Began as a Tengu Air Elementalist on Oct 31, 2019.
             Slain by a gnoll
             ... wielding a +0 halberd
              (9 damage)
             ... on level 3 of the Dungeon.
             The game lasted 00:08:17 (2115 turns).

AlterAsc the Gusty (Tengu Air Elementalist)         Turns: 2115, Time: 00:08:18

Health: -5/28      AC:  3    Str:  9    XL:     5   Next: 6%
Magic:  2/10       EV: 14    Int: 16    God:
Gold:   133        SH:  0    Dex: 14    Spells: 9/10 levels left

rFire    . . .     SeeInvis .   l - +1 spear (flame)
rCold    . . .     Gourm    .   (no shield)
rNeg     . . .     Faith    .   g - +0 leather armour
rPois    .         Spirit   .   (helmet restricted)
rElec    .         Reflect  .   (no cloak)
rCorr    .         Harm     .   (no gloves)
MR       .....                  (boots unavailable)
Stlth    ++........             (no amulet)
HPRegen  0.09/turn              (no ring)
MPRegen  0.12/turn              (no ring)

@: flying quickly and evasively, quick
A: beak, talons 3, able to fly
a: Stop Flying


You were on level 3 of the Dungeon.
You were not hungry.

You visited 1 branch of the dungeon, and saw 3 of its levels.

You collected 133 gold pieces.

Inventory:

Hand Weapons
 h - a +0 dagger
 i - a +0 short sword
 l - a +1 spear of flaming (weapon)
Armour
 a - a +0 robe
 g - a +0 leather armour (worn)
Scrolls
 d - 3 scrolls of remove curse {unknown}
 f - 3 scrolls of amnesia {unknown}
 m - 4 scrolls of teleportation {unknown}
 o - a scroll of magic mapping {unknown}
Potions
 e - 3 potions of agility {unknown}
 j - a potion of resistance {unknown}
 k - 4 potions of curing {unknown}
 n - 2 potions of brilliance {unknown}
 p - a potion of heal wounds {unknown}
Comestibles
 c - 5 rations


   Skills:
 - Level 2.2 Dodging
 - Level 2.0 Stealth
 + Level 3.1 Spellcasting
 + Level 3.6 Conjurations
 + Level 5.3 Air Magic


You had 9 spell levels left.
You knew the following spells:

 Your Spells              Type           Power        Failure   Level  Hunger
a - Shock                 Conj/Air       ###.         4%          1    None

Your spell library contained the following spells:

 Spells                   Type           Power        Failure   Level  Hunger
 Static Discharge         Conj/Air       ###.....     12%         3    ###....
 Swiftness                Chrm/Air       ##......     13%         2    ##.....
 Airstrike                Air            ###.......   28%         4    ####...
 Lightning Bolt           Conj/Air       ###.......   75%         5    ######.


Dungeon Overview and Level Annotations

Branches:
Dungeon (3/15)

Altars:
Okawaru
The Shining One


Innate Abilities, Weirdness & Mutations

You have a beak for a mouth.
You have claws for feet.
You can fly continuously.


Message History

Casting: Shock (safe; 4% risk of failure)
Confirm with . or Enter, or press ? or * to list all spells.
Aiming: Shock (safe; 4% risk of failure)
Press: ? - help, Shift-Dir - straight line, f/p - gnoll
Aim: a gnoll (moderately wounded)
The zap hits the gnoll.
The gnoll is heavily wounded.
The zap hits the gnoll.
The gnoll is severely wounded.
The gnoll barely misses you. The gnoll barely misses you.
The gnoll drinks a potion.
The gnoll seems to grow stronger.
The gnoll misses you. The gnoll hits you.
The gnoll hits you from afar with a +0 halberd!
* * * LOW HITPOINT WARNING * * *
The gnoll hits you.
* * * LOW HITPOINT WARNING * * *
The gnoll barely misses you.
The gnoll hits you from afar with a +0 halberd!
You die...

#.)..'..................
##....###################
#...>..............
#............########
#....................
#...............######
#.......g.g....[##...
#.....##........##.#
########@###.......# #.#
#.......# #.. +.....(.#
#####.......# #.......#
#.......# #.......+
#.......# ####.....


You could see 2 gnolls.

Vanquished Creatures
  5 gnolls
  2 adders (D:2)
  A worm (D:2)
  A dart slug (D:1)
  3 leopard geckos (D:1)
  An orc (D:3)
  2 ball pythons
  9 bats
  2 giant cockroaches (D:1)
  7 goblins
  3 hobgoblins
  A quokka (D:3)
  3 frilled lizards (D:1)
  5 kobolds
  4 rats
49 creatures vanquished.

Notes
Turn   | Place    | Note
-------+----------+-------------------------------------------
     0 | D:1      | AlterAsc the Tengu Air Elementalist began the quest for the
                  | Orb.
     0 | D:1      | Reached XP level 1. HP: 10/10 MP: 4/4
   190 | D:1      | Reached XP level 2. HP: 15/15 MP: 3/6
   537 | D:1      | Reached XP level 3. HP: 19/19 MP: 5/7
  1071 | D:2      | Reached XP level 4. HP: 24/24 MP: 1/9
  1158 | D:2      | Reached skill level 5 in Air Magic
  1236 | D:2      | Found a glowing golden altar of the Shining One.
  1655 | D:2      | Found an iron altar of Okawaru.
  2079 | D:3      | Gained mutation: You can fly continuously. [Tengu growth]
  2079 | D:3      | Reached XP level 5. HP: 22/28 MP: 6/10
  2115 | D:3      | Slain by a gnoll

Levels and vault maps discovered:
D:1:      dpeg_arrival_pond, layout_rooms
D:2:      layout_basic, okawaru_trees_1, nicolae_tso_carved_into_rock
D:3:      layout_basic, first_ration, tgw_fedhas

Skill      XL: |  1  2  3  4 |
---------------+-------------+-----
Conjurations   | 2 3 |  3.6
Air Magic      | 5 |  5.3
Spellcasting   | 3 |  3.1
Dodging        | |  2.2
Stealth        | |  2.0

Action                   |  1- 3 |  4- 6 || total
-------------------------+-------+-------++-------
Melee: Unarmed           |     1 |       ||     1
       Spear             |       |     3 ||     3
       Kick              |       |     1 ||     1
 Cast: Shock             |    72 |    48 ||   120
 Abil: Fly               |       |     1 ||     1
  Eat: Chunk             |     1 |     4 ||     5
Armor: Robe              |     2 |       ||     2
       Leather armour    |     2 |     5 ||     7
Dodge: Dodged            |    11 |    10 ||    21
